[Event "Team 45 45 League T66"]
[Site "Internet Chess Club"]
[Date "2015.09.27"]
[Round "3"]
[White "Zugzwanged"]
[Black "bhxm"]
[Result "1-0"]
[WhiteElo "1627"]
[BlackElo "1340"]
[Opening "Scotch: Schmidt variation"]
[ECO "C45"]
[Time "15:31:27"]
[TimeControl "2700+45"]

1. e4 e5 2. Nf3 Nc6 3. d4 exd4 4. Nxd4 Nf6 5. Nc3 Bc5 6. Be3 Nxd4 7. Bxd4 Bb4 8.
Bd3 O-O 9. O-O d5 10. Bxf6 Qxf6 11. Nxd5 Qxb2 12. Rb1 Qxa2 13. Nxb4 Qa3 14. Nd5
Be6 15. Nxc7 Rab8 16. Nxe6 fxe6 17. Qg4 Qd6 18. e5 Qxe5 19. Rbe1 Qd6 20. Rxe6
Qd7 21. Qe2 Rfe8 22. Re1 Re7 23. Rxe7 Qc6 24. Re8+ Rxe8 25. Qxe8+ Qxe8 26. Rxe8+
Kf7 27. Rb8 b6 28. Rb7+ Kf6 29. Rxa7 h6 30. Rb7 g5 31. Rxb6+ Kg7 32. c4 h5 33.
c5 Kf7 34. Rd6 Ke7 35. Bf5 Ke8 36. c6 Ke7 37. Rd7+ Ke8 38. c7 Kf8 39. c8=R#
{Black checkmated} 1-0

[Event "Team 45 45 League T66"]
[Site "Internet Chess Club"]
[Date "2015.09.18"]
[Round "3"]
[White "Bleddyn"]
[Black "ticopatzer"]
[Result "1/2-1/2"]
[WhiteElo "1502"]
[BlackElo "1706"]
[Opening "QGD: exchange, positional line"]
[ECO "D35"]
[Time "19:15:55"]
[TimeControl "2700+45"]

1. d4 d5 2. c4 e6 3. Nc3 Nf6 4. cxd5 exd5 5. Bg5 Be7 6. Qc2 Nc6 7. e3 h6 8. Bh4
Be6 9. Bd3 Qd7 10. a3 O-O-O 11. Nf3 g5 12. Bg3 a6 13. Ne5 Nxe5 14. Bxe5 Rhg8 15.
Na4 Kb8 16. Rc1 Ne8 17. Nb6 Qc6 18. Qxc6 bxc6 19. Na4 Kb7 20. Nc5+ Bxc5 21. Rxc5
Nd6 22. O-O Bf5 23. Be2 Ne4 24. Ra5 f6 25. Bg3 Ra8 26. Rc1 Rge8 27. Bh5 Re6 28.
Be2 {Game drawn by mutual agreement} 1/2-1/2

[Event "Team 45 45 League T66"]
[Site "Internet Chess Club"]
[Date "2015.09.18"]
[Round "3"]
[White "rayonline53"]
[Black "pishd"]
[Result "0-1"]
[WhiteElo "1506"]
[BlackElo "1793"]
[Opening "French: Rubinstein variation"]
[ECO "C03"]
[Time "07:09:37"]
[TimeControl "2700+45"]

1. e4 e6 2. d4 d5 3. Nd2 dxe4 4. Nxe4 Nd7 5. Nf3 Ngf6 6. Bd3 c5 7. O-O Nxe4 8.
Bxe4 Nf6 9. Bg5 cxd4 10. Nxd4 Be7 11. Bf3 h6 12. Be3 Nd5 13. Bxd5 Qxd5 14. Qd3
O-O 15. Rfd1 Rd8 16. Qb3 Bf6 17. c3 a6 18. Rd2 b5 19. Rad1 Bb7 20. f3 Qe5 21.
Bf2 Bd5 22. Qc2 Qg5 23. Bg3 h5 24. Rf2 Rac8 25. Qd2 Qg6 26. Qd3 Qxd3 27. Rxd3
Bxa2 28. Rfd2 h4 29. Bf2 Bc4 30. Re3 e5 {White resigns} 0-1

[Event "Team 45 45 League T66"]
[Site "Internet Chess Club"]
[Date "2015.09.19"]
[Round "3"]
[White "ILRE"]
[Black "evan7284"]
[Result "0-1"]
[WhiteElo "1623"]
[BlackElo "1751"]
[Opening "Queen's pawn game"]
[ECO "D02"]
[Time "14:22:23"]
[TimeControl "2700+45"]

1. d4 d5 2. Nf3 e6 3. Bf4 f5 4. e3 Nf6 5. Bd3 Bd6 6. Bxd6 Qxd6 7. Nbd2 Nbd7 8.
O-O O-O 9. c3 Ne4 10. Bc2 b6 11. c4 c6 12. b3 Bb7 13. Re1 Rf6 14. Rc1 Nc3 {White
resigns} 0-1

[Event "Team 45 45 League T66"]
[Site "Internet Chess Club"]
[Date "2015.09.20"]
[Round "3"]
[White "Electryon"]
[Black "skuhl99"]
[Result "1-0"]
[WhiteElo "1384"]
[BlackElo "1515"]
[Opening "English, 1...Nf6 (Anglo-Indian defense)"]
[ECO "A15"]
[Time "09:05:38"]
[TimeControl "2700+45"]

1. c4 Nf6 2. g3 c5 3. Bg2 g6 4. Nc3 Bg7 5. a3 O-O 6. Rb1 Nc6 7. b4 d6 8. Nf3 Rb8
9. O-O a6 10. b5 axb5 11. cxb5 Nd4 12. Nxd4 cxd4 13. Nd5 Nxd5 14. Bxd5 e6 15.
Bg2 b6 16. d3 Bb7 17. Bf4 Bxg2 18. Kxg2 e5 19. Bd2 Ra8 20. a4 Qd7 21. Qb3 Qb7+
22. f3 Rfb8 23. Rfc1 Rc8 24. Kf2 Bf8 25. Rxc8 Qxc8 26. Rc1 Qb7 27. Rc6 Be7 28.
Qc4 Qb8 29. Rc7 Qd8 30. Qc6 Rxa4 31. Rc8 {Black resigns} 1-0

[Event "Team 45 45 League T66"]
[Site "Internet Chess Club"]
[Date "2015.09.21"]
[Round "3"]
[White "zap2"]
[Black "RD1974"]
[Result "1/2-1/2"]
[WhiteElo "1804"]
[BlackElo "1658"]
[Opening "Benko's opening"]
[ECO "A00"]
[Time "15:06:49"]
[TimeControl "2700+45"]

1. g3 c5 2. Bg2 d6 3. e4 Nc6 4. Nf3 Nf6 5. d3 g6 6. O-O Bg7 7. c3 O-O 8. Nbd2
Qc7 9. Nh4 Rb8 10. Nc4 b5 11. Ne3 b4 12. Nd5 Nxd5 13. exd5 bxc3 14. dxc6 cxb2
15. Rb1 Be6 16. Qa4 Rb4 17. Qa3 bxc1=Q 18. Rfxc1 a5 19. Rxb4 cxb4 20. Qa4 Rb8
21. Nf3 Bd5 22. Nd2 Bxg2 23. Kxg2 d5 24. Nb3 Ra8 25. Rc5 Ra6 26. Qb5 Ra7 27.
Rxd5 Qc8 28. Nxa5 Rxa5 29. Qxa5 Qxc6 30. Qc5 Qa8 31. Kh3 Bc3 32. Qc4 Kg7 33. Rb5
Qf3 34. Rxb4 Bxb4 35. Qxb4 Qxf2 36. Qc3+ Kh6 37. Qc1+ Kg7 38. Qc4 Qf1+ 39. Kh4
Qf6+ 40. Kh3 Qf1+ 41. Kh4 Qf6+ {Game drawn by mutual agreement} 1/2-1/2

[Event "Team 45 45 League T66"]
[Site "Internet Chess Club"]
[Date "2015.09.19"]
[Round "3"]
[White "bayoumicardio10"]
[Black "RUPIS"]
[Result "1/2-1/2"]
[WhiteElo "1595"]
[BlackElo "1676"]
[Opening "French: King's Indian attack"]
[ECO "C00"]
[Time "14:12:50"]
[TimeControl "2700+45"]

1. e4 e6 2. d3 d5 3. Nd2 c5 4. Ngf3 Nc6 5. g3 Nf6 6. Bg2 b6 7. O-O Be7 8. Re1
O-O 9. e5 Nd7 10. Nf1 f6 11. exf6 Nxf6 12. Bf4 Bd6 13. Bxd6 Qxd6 14. Qe2 Bd7 15.
h3 Rae8 16. Ne5 Nd4 17. Qd2 Nc6 18. Qe2 Nd4 19. Qd2 Nc6 20. Qe2 Nd4 {Game drawn
by repetition} 1/2-1/2

[Event "Team 45 45 League T66"]
[Site "Internet Chess Club"]
[Date "2015.09.21"]
[Round "3"]
[White "Schachteufel"]
[Black "OGO"]
[Result "1-0"]
[WhiteElo "1711"]
[BlackElo "1543"]
[Opening "Sicilian"]
[ECO "B56"]
[Time "14:00:28"]
[TimeControl "2700+45"]

1. e4 c5 2. Nf3 d6 3. d4 cxd4 4. Nxd4 Nf6 5. Nc3 Nc6 6. Be3 e5 7. Nb3 Be7 8. f3
O-O 9. Qd2 b6 10. O-O-O Bb7 11. g4 h6 12. h4 Nh7 13. Qh2 g5 14. Nd5 gxh4 15.
Nxe7+ Qxe7 16. Bxh6 Rfe8 17. Be3 Qf6 18. Qxh4 Qxh4 19. Rxh4 f6 20. Rxd6 {Black
resigns} 1-0

[Event "Team 45 45 League T66"]
[Site "Internet Chess Club"]
[Date "2015.09.19"]
[Round "3"]
[White "justice02"]
[Black "Skeptic1972"]
[Result "0-1"]
[WhiteElo "1603"]
[BlackElo "1684"]
[Opening "Réti opening"]
[ECO "A11"]
[Time "15:00:34"]
[TimeControl "2700+45"]

1. Nf3 d5 2. c4 c6 3. g3 Nf6 4. Bg2 Bf5 5. O-O e6 6. Qb3 Qb6 7. Qxb6 axb6 8. d3
Bd6 9. Bg5 h6 10. Be3 Nbd7 11. Rd1 O-O 12. a3 Rfe8 13. h3 Bc7 14. g4 Bh7 15.
Nbd2 c5 16. d4 Rad8 17. b4 dxc4 18. Nxc4 b5 19. Nce5 c4 20. Nxd7 Rxd7 21. Rac1
Nd5 22. Ne5 Bxe5 23. Bxd5 exd5 24. Rd2 Bc7 25. Rc3 Rde7 26. Ra2 Ra8 27. f4 Be4
28. Kf2 f5 29. Kg3 fxg4 30. Kxg4 Rf7 31. Bc1 g6 32. e3 Bd8 33. Rf2 Rf5 34. h4
Be7 35. Rh2 Raf8 36. Bd2 Kg7 37. Rc1 g5 38. hxg5 hxg5 39. Rg1 Rh8 40. Rxh8 Kxh8
41. Rh1+ Bxh1 42. Kxf5 gxf4 43. Kxf4 Kg7 44. Ke5 Kf7 45. Be1 Bg5 46. Bd2 Ke7 47.
Kf5 c3 48. Bxc3 Bxe3 49. Ke5 Bc1 {White resigns} 0-1

[Event "Team 45 45 League T66"]
[Site "Internet Chess Club"]
[Date "2015.09.19"]
[Round "3"]
[White "nidusin2"]
[Black "zepled37"]
[Result "1/2-1/2"]
[WhiteElo "1583"]
[BlackElo "1687"]
[Opening "Grünfeld with e3 & Bd3"]
[ECO "D94"]
[Time "09:10:54"]
[TimeControl "2700+45"]

1. d4 Nf6 2. Nf3 g6 3. c4 Bg7 4. Nc3 d5 5. e3 O-O 6. Bd3 c6 7. O-O Nbd7 8. e4
dxe4 9. Nxe4 Nxe4 10. Bxe4 Nf6 11. Bd3 Bg4 12. Be3 Re8 13. h3 Bc8 14. Qd2 a5 15.
Rfe1 Nd7 16. Rac1 e5 17. dxe5 Nxe5 18. Nxe5 Rxe5 19. b3 Bf8 20. Qc2 Qe8 21. Bd2
Rxe1+ 22. Rxe1 Be6 23. Bc3 Bg7 24. Bxg7 Kxg7 25. Qc3+ Kg8 26. c5 Qd7 27. Be4 a4
28. Bc2 axb3 29. axb3 Qc7 30. Qb4 Qa5 31. Qxa5 Rxa5 32. b4 Ra2 33. Be4 Rb2 34.
Rb1 Rxb1+ 35. Bxb1 Kg7 36. f4 h5 37. h4 Kf6 38. Kf2 Bf5 39. Ba2 Be6 40. Bb1 Bf5
41. Ba2 Be6 42. Bb1 Bf5 43. Ba2 Be6 {Game drawn by repetition} 1/2-1/2

[Event "Team 45 45 League T66"]
[Site "Internet Chess Club"]
[Date "2015.09.19"]
[Round "3"]
[White "Grenadier"]
[Black "Insan996"]
[Result "1-0"]
[WhiteElo "1597"]
[BlackElo "1583"]
[Opening "Caro-Kann: Panov-Botvinnik attack, 5...e6"]
[ECO "B14"]
[Time "21:01:52"]
[TimeControl "2700+45"]

1. e4 c6 2. d4 d5 3. exd5 cxd5 4. c4 Nf6 5. Nc3 e6 6. Nf3 Be7 7. cxd5 Nxd5 8.
Bd3 O-O 9. O-O b6 10. Re1 Bb7 11. Bd2 Nf6 12. Qe2 Re8 13. Rad1 Nc6 14. Bg5 h6
15. Bh4 Nb4 16. Bb1 Rc8 17. a3 Nbd5 18. Ne4 Nxe4 19. Bxe7 Qxe7 20. Qxe4 Nf6 21.
Qd3 Bd5 22. Ne5 g6 23. h4 Qb7 24. f3 Qc7 25. Qe3 Kg7 26. g4 Nd7 27. Qf4 Nxe5 28.
dxe5 Qe7 29. g5 hxg5 30. hxg5 Rc4 31. Qf6+ Qxf6 32. exf6+ Kg8 33. Rxd5 Rec8 34.
Rd2 Rc1 35. Red1 Kf8 36. Rd8+ Rxd8 37. Rxc1 Ke8 38. Be4 Rd2 39. Rc2 Rd1+ {Black
resigns} 1-0

[Event "Team 45 45 League T66"]
[Site "Internet Chess Club"]
[Date "2015.09.21"]
[Round "3"]
[White "fireball"]
[Black "GoIrish"]
[Result "1-0"]
[WhiteElo "1618"]
[BlackElo "1543"]
[Opening "Giuoco Piano: four knights variation"]
[ECO "C26"]
[Time "20:30:18"]
[TimeControl "2700+45"]

1. e4 Nf6 2. Nc3 e5 3. Bc4 Bc5 4. Nf3 Nc6 5. O-O O-O 6. d3 d6 7. Bg5 h6 8. Bh4
Nd4 9. Nxd4 Bxd4 10. Nd5 g5 11. c3 Bb6 12. Bg3 Nxd5 13. Bxd5 c6 14. Bb3 Qe7 15.
Qh5 Qf6 16. h4 Be6 17. hxg5 Qxg5 18. Qxg5+ hxg5 19. Bxe6 fxe6 20. d4 exd4 21.
Bxd6 Rf7 22. c4 Bc7 23. Bxc7 Rxc7 24. f3 e5 25. Kh2 Rh7+ 26. Kg3 Kg7 27. Kg4 Kg6
28. Rh1 Rah8 29. Rxh7 Rxh7 30. c5 b6 31. Rc1 b5 32. g3 Rh2 33. b4 Rxa2 34. f4
gxf4 35. gxf4 exf4 36. Kxf4 d3 37. Rg1+ Kf7 38. Ke5 Re2 39. Rd1 Rb2 40. Rxd3
Rxb4 41. Rd7+ Kg6 42. Rd6+ Kg5 43. Rxc6 a5 44. Ra6 a4 45. c6 Rc4 46. Kd5 Rc3 47.
Ra5 Kf4 48. Rxb5 Rd3+ 49. Kc4 Kxe4 50. c7 Rd1 51. Rc5 Rc1+ 52. Kb4 Rxc5 53. Kxc5
a3 54. c8=Q a2 55. Qa6 {Black resigns} 1-0

[Event "Team 45 45 League T66"]
[Site "Internet Chess Club"]
[Date "2015.09.17"]
[Round "3"]
[White "f5"]
[Black "chessfan"]
[Result "0-1"]
[WhiteElo "2015"]
[BlackElo "2076"]
[Opening "Caro-Kann: classical, Spassky variation"]
[ECO "B19"]
[Time "22:01:53"]
[TimeControl "2700+45"]

1. e4 c6 2. d4 d5 3. Nc3 dxe4 4. Nxe4 Bf5 5. Ng3 Bg6 6. h4 h6 7. Nf3 Nd7 8. h5
Bh7 9. Bd3 Bxd3 10. Qxd3 e6 11. Bd2 Ngf6 12. O-O-O Be7 13. c4 b5 14. Kb1 O-O 15.
Be3 bxc4 16. Qxc4 Qc7 17. Rc1 Rfc8 18. Ne2 Rab8 19. Nc3 Qb7 20. Qe2 c5 21. Bf4
cxd4 22. Nxd4 e5 23. Nb3 exf4 24. Qxe7 Qxg2 25. Qe2 Qg4 26. f3 Qf5+ 27. Qc2
Qxc2+ 28. Rxc2 Ne5 29. Rh4 Rb4 30. Nd2 Rd8 31. Ne2 Nd5 32. a3 Rbb8 33. Nxf4 Ne3
34. Rh2 Nxc2 35. Kxc2 Rd4 36. Re2 Nxf3 37. Nxf3 Rxf4 38. Ne5 Re8 39. Kd3 Rf5 40.
Nc6 Rxe2 41. Kxe2 Rxh5 42. Kd3 Rh2 43. Kc3 g5 {White resigns} 0-1

[Event "Team 45 45 League T66"]
[Site "Internet Chess Club"]
[Date "2015.09.19"]
[Round "3"]
[White "santiagoelawad"]
[Black "hood"]
[Result "0-1"]
[WhiteElo "2042"]
[BlackElo "2024"]
[Opening "English opening"]
[ECO "A10"]
[Time "16:13:44"]
[TimeControl "2700+45"]

1. c4 g6 2. Nc3 Nf6 3. Nf3 d5 4. cxd5 Nxd5 5. h4 h5 6. e4 Nxc3 7. dxc3 Qxd1+ 8.
Kxd1 Bg4 9. Bc4 Bg7 10. Kc2 Nd7 11. Ng5 Ne5 12. Bd5 c6 13. Bb3 O-O 14. f3 Bc8
15. Be3 b6 16. a4 Bb7 17. a5 c5 18. Rhd1 Bc6 19. f4 Ng4 20. Bg1 Bh6 21. Bd5 Bxd5
22. exd5 Rfd8 23. c4 Nf6 24. Re1 Kf8 25. g3 Bxg5 26. fxg5 Ne8 27. Be3 Nd6 28. b3
Nf5 29. Bf4 b5 30. a6 Nd4+ 31. Kc3 bxc4 32. bxc4 e6 33. dxe6 Nxe6 34. Be5 Rd7
35. Red1 Rad8 36. Rxd7 Rxd7 37. Rb1 Ke7 38. Rb7 Kd8 39. Rb8+ Ke7 40. Rb7 Kd8 41.
Kb3 Nd4+ 42. Ka4 Nc6 43. Bf6+ Kc8 44. Rxd7 Kxd7 45. Bg7 Nd4 46. Ka5 Kc6 47. Be5
Nb3+ 48. Ka4 Nd2 49. Bf6 Nxc4 50. Kb3 Nd6 51. Be7 Nf5 52. Bf6 Nxg3 53. Kc4 Ne4
54. Be5 Nd6+ 55. Kc3 Nf5 56. Bb8 Kb6 57. Kc4 Nxh4 58. Kd5 Nf3 59. Bf4 Kxa6 60.
Kd6 c4 61. Ke7 Nxg5 62. Bxg5 c3 63. Kxf7 c2 64. Kxg6 h4 65. Kf5 h3 66. Ke4 h2
{White resigns} 0-1

[Event "Team 45 45 League T66"]
[Site "Internet Chess Club"]
[Date "2015.09.18"]
[Round "3"]
[White "joebobpop"]
[Black "primerpaso"]
[Result "0-1"]
[WhiteElo "1909"]
[BlackElo "1870"]
[Opening "Sicilian: Najdorf, Opocensky variation"]
[ECO "B92"]
[Time "20:00:32"]
[TimeControl "2700+45"]

1. e4 c5 2. Nf3 d6 3. d4 cxd4 4. Nxd4 Nf6 5. Nc3 a6 6. Be2 e5 7. Nb3 Be6 8. Be3
Nbd7 9. O-O Rc8 10. f3 Nb6 11. Re1 d5 12. exd5 Nbxd5 13. Nxd5 Nxd5 14. Bf2 f6
15. Bd3 Be7 16. Nd4 Bf7 17. Nf5 O-O 18. Nxe7+ Qxe7 19. Bf5 Be6 20. Bxe6+ Qxe6
21. c3 Rfd8 22. Qb3 Nf4 23. Qxe6+ Nxe6 24. Rad1 Rxd1 25. Rxd1 Rd8 26. Rxd8+ Nxd8
27. Bb6 Nc6 28. b4 Kf7 29. a4 Ke6 30. b5 axb5 31. axb5 Nb8 32. c4 Nd7 33. Be3 f5
34. h4 Kd6 35. g3 Nc5 36. Bc1 Na4 37. Ba3+ Ke6 38. Kf2 Nb6 39. c5 Nd5 40. Bb2
Nc7 41. f4 exf4 42. gxf4 Nxb5 43. Bxg7 Kd5 44. Bf8 Nd4 45. Kg3 h5 46. Kf2 Ne6
47. Be7 Nxf4 48. Ke3 Ng6 49. Bd6 b6 50. Bg3 bxc5 51. Kd3 f4 52. Bf2 Ne5+ 53. Kc3
Ng4 54. Be1 f3 55. Kd3 f2 56. Bxf2 Nxf2+ 57. Ke3 Ng4+ 58. Kf4 c4 59. Kg5 c3 60.
Kxh5 Nf6+ 61. Kg6 Ke5 62. h5 c2 63. h6 c1=Q 64. h7 Qc2+ 65. Kf7 Qc7+ 66. Kf8
Nxh7+ 67. Kg8 Ng5 68. Kf8 Qf7# {White checkmated} 0-1

[Event "Team 45 45 League T66"]
[Site "Internet Chess Club"]
[Date "2015.09.18"]
[Round "3"]
[White "Jack-ONeill"]
[Black "flacoligth"]
[Result "0-1"]
[WhiteElo "2033"]
[BlackElo "1993"]
[Opening "Four knights: Scotch, 4...exd4"]
[ECO "C47"]
[Time "12:27:40"]
[TimeControl "2700+45"]

1. e4 e5 2. Nf3 Nc6 3. Nc3 Nf6 4. d4 exd4 5. Nxd4 Nxd4 6. Qxd4 d6 7. Bg5 Be7 8.
O-O-O O-O 9. e5 dxe5 10. Qxe5 Bd6 11. Bxf6 Qxf6 12. Qxf6 gxf6 13. Nd5 Kg7 14.
Bd3 Be6 15. Ne3 Bc5 16. Be4 c6 17. Rd3 Rfd8 18. Rhd1 Rxd3 19. Rxd3 Re8 20. Kd2
Bxa2 21. Nf5+ Kg8 22. Rg3+ Kf8 23. Bd3 Be6 24. Rh3 Rd8 25. Rf3 h5 {White
resigns} 0-1

[Event "Team 45 45 League T66"]
[Site "Internet Chess Club"]
[Date "2015.09.19"]
[Round "3"]
[White "Agarnez"]
[Black "Ptzz"]
[Result "1/2-1/2"]
[WhiteElo "1992"]
[BlackElo "2003"]
[Opening "QGD Slav defense: exchange variation"]
[ECO "D10"]
[Time "04:00:24"]
[TimeControl "2700+45"]

1. d4 d5 2. c4 c6 3. cxd5 cxd5 4. Nc3 e5 5. dxe5 d4 6. Qa4+ Nc6 7. Ne4 Bf5 8.
Nd6+ Bxd6 9. exd6 Qxd6 10. Nf3 Nf6 11. e3 dxe3 12. Bxe3 O-O 13. Bb5 Be4 14. O-O
Bxf3 15. gxf3 Ne5 16. Be2 Nd5 17. Rad1 Qg6+ 18. Kh1 Nxe3 19. fxe3 Rac8 20. f4
Rc2 21. Rg1 b5 22. Rxg6 bxa4 23. Rg2 Ng6 24. Bg4 Rxg2 25. Kxg2 Rb8 26. Rd2 Nf8
27. Bd1 Rb4 28. Kf3 g6 29. b3 axb3 30. Bxb3 a5 31. Rd4 Rxd4 32. exd4 Kg7 33. Ke4
Kf6 34. Kd5 Ne6 35. Ke4 Nc7 36. Bc4 Ke7 37. h4 f6 38. Bg8 h6 39. Bc4 Ne6 40. Be2
Kd6 41. h5 g5 42. fxg5 fxg5 43. Bg4 Ng7 44. d5 Ne8 45. Kf5 Kxd5 46. Kg6 Ke5 47.
Kxh6 Kf6 48. Kh7 Nd6 49. Kg8 Nf7 50. Be2 g4 51. Kf8 g3 52. Bf1 Nd6 53. Bg2 Kg5
54. Ke7 Nf5+ 55. Kd7 Kxh5 56. a4 Kg4 57. Kc6 Ne3 58. Bh1 Nd1 59. Kb5 Kh3 60.
Kxa5 Kh2 61. Bb7 Nb2 62. Kb5 Nxa4 63. Kxa4 g2 64. Bxg2 {Game drawn because
neither player has mating material} 1/2-1/2

[Event "Team 45 45 League T66"]
[Site "Internet Chess Club"]
[Date "2015.09.20"]
[Round "3"]
[White "Holgate"]
[Black "willhelm"]
[Result "1-0"]
[WhiteElo "2025"]
[BlackElo "1912"]
[Opening "Scandinavian: Pytel-Wade variation"]
[ECO "B01"]
[Time "14:00:32"]
[TimeControl "2700+45"]

1. e4 d5 2. exd5 Qxd5 3. Nc3 Qd6 4. d4 c6 5. Ne4 Qc7 6. Bd3 Bf5 7. Nf3 e6 8. O-O
Bxe4 9. Bxe4 Nf6 10. Bd3 Nbd7 11. Re1 Bd6 12. Qe2 O-O 13. Ne5 c5 14. c3 cxd4 15.
cxd4 Nb6 16. Bg5 Nbd5 17. Rac1 Qb6 18. Nc4 Qd8 19. Nxd6 Qxd6 20. Rc4 Rac8 21.
Rxc8 Rxc8 22. Rc1 Rxc1+ 23. Bxc1 Qc7 24. Qc2 Qxc2 25. Bxc2 Nb4 26. Bb3 Nc6 27.
Be3 Kf8 28. Kf1 h6 29. Ke2 Nd5 30. a3 Ke7 31. Kd3 Kd6 32. Bd2 Kd7 33. h4 Kd6 34.
h5 f5 35. g3 Kd7 36. Bd1 Nf6 37. Bf3 Nd5 38. Kc4 Kd6 39. a4 Nb6+ 40. Kd3 Nxa4
41. Bxc6 Kxc6 42. Bb4 Nxb2+ 43. Kc2 Nc4 44. Bf8 e5 45. Bxg7 exd4 46. Bxh6 Ne5
47. Bg7 Nf7 48. f4 Kd5 49. Kd3 a5 50. h6 b5 51. h7 a4 52. h8=Q Nxh8 53. Bxh8 b4
54. Bxd4 b3 55. Bb2 Kc5 56. Kc3 {Black resigns} 1-0

[Event "Team 45 45 League T66"]
[Site "Internet Chess Club"]
[Date "2015.09.19"]
[Round "3"]
[White "roji"]
[Black "Tobiasdelmonte"]
[Result "1-0"]
[WhiteElo "1882"]
[BlackElo "1849"]
[Opening "Petrov's defense"]
[ECO "C42"]
[Time "15:09:54"]
[TimeControl "2700+45"]

1. e4 e5 2. Nf3 Nf6 3. d3 Nc6 4. c3 Bc5 5. Be3 Bb6 6. Be2 d6 7. h3 O-O 8. O-O d5
9. Bxb6 axb6 10. Nbd2 h6 11. Qc2 Be6 12. a3 Nh5 13. Nh2 Nf4 14. Bf3 d4 15. c4
Qg5 16. Kh1 Ne7 17. Rg1 Neg6 18. Bg4 h5 19. Bxe6 fxe6 20. Ndf3 Qh6 21. h4 c5 22.
g3 Nh3 23. Rg2 Rf7 24. Rf1 Raf8 25. Ne1 Kh8 26. f3 Ne7 27. Qd2 Qg6 28. Qe2 Ng8
29. Nc2 Nh6 30. Na1 Qf6 31. Nb3 g5 32. hxg5 Qxg5 33. Nd2 Qf6 34. f4 Qg6 35. fxe5
Rxf1+ 36. Ndxf1 Ng4 37. Nxg4 hxg4 38. Nh2 Qh5 39. b3 Qg5 40. Nxg4 Qc1+ 41. Kh2
Ng5 42. Nf6 Kg7 43. Rg1 Rh8+ 44. Nh5+ Rxh5+ 45. Qxh5 Qe3 46. Rf1 Qd2+ 47. Kg1
Qe3+ 48. Kg2 Qd2+ 49. Rf2 Qc1 50. b4 Qe3 51. bxc5 bxc5 52. a4 b6 53. Qe2 Qc1 54.
Qd2 Qxd2 55. Rxd2 Nf7 56. Rb2 Nxe5 57. Rxb6 Nxd3 58. a5 Nb4 59. a6 d3 60. Kf2
{Black resigns} 1-0

[Event "Team 45 45 League T66"]
[Site "Internet Chess Club"]
[Date "2015.09.20"]
[Round "3"]
[White "SlimeDog2"]
[Black "chessnow"]
[Result "1-0"]
[WhiteElo "2071"]
[BlackElo "1836"]
[Opening "Grünfeld: Three knights variation"]
[ECO "D90"]
[Time "22:34:11"]
[TimeControl "2700+45"]

1. d4 Nf6 2. c4 g6 3. Nf3 Bg7 4. Nc3 d5 5. cxd5 Nxd5 6. Na4 Nb6 7. e4 Bg4 8. Be3
O-O 9. Nc5 Qc8 10. Be2 N8d7 11. Rc1 Nxc5 12. Rxc5 Qd8 13. O-O c6 14. Qc2 Qd6 15.
Rd1 Rac8 16. h3 Be6 17. a4 Rfd8 18. a5 Nd7 19. d5 Nxc5 20. dxe6 Qxe6 21. Bxc5 a6
22. Nd4 Qa2 23. Qc3 Qa4 24. b3 Bxd4 25. Bxd4 Qa2 26. Bg4 Rb8 27. Ra1 {Black
resigns} 1-0

[Event "Team 45 45 League T66"]
[Site "Internet Chess Club"]
[Date "2015.09.20"]
[Round "3"]
[White "SAC2001"]
[Black "sharky123"]
[Result "1-0"]
[WhiteElo "1822"]
[BlackElo "1814"]
[Opening "Caro-Kann: classical, Spassky variation"]
[ECO "B19"]
[Time "22:00:16"]
[TimeControl "2700+45"]

1. e4 c6 2. d4 d5 3. Nc3 dxe4 4. Nxe4 Bf5 5. Ng3 Bg6 6. h4 h6 7. Nf3 Nd7 8. h5
Bh7 9. Bd3 Bxd3 10. Qxd3 e6 11. c3 Ngf6 12. Bd2 Bd6 13. Ne4 Nxe4 14. Qxe4 Nf6
15. Qe2 Qc7 16. O-O-O O-O-O 17. Kb1 Rde8 18. Ne5 Rhf8 19. f4 Nd7 20. g3 Nxe5 21.
fxe5 Be7 22. Bf4 Qb6 23. Ka1 Kb8 24. Qg4 Rg8 25. c4 Ka8 26. Be3 Qb4 27. Qe2 Rd8
28. Rhf1 f6 29. Bf4 fxe5 30. Bxe5 Bd6 31. c5 Bb8 32. Bxb8 Kxb8 33. Qxe6 Rge8 34.
Qg4 Re7 35. Qf4+ Ka8 36. Qd6 Red7 37. Qxd7 Qa5 38. Qxg7 {Black resigns} 1-0

[Event "Team 45 45 League T66"]
[Site "Internet Chess Club"]
[Date "2015.09.20"]
[Round "3"]
[White "gyu123987kool"]
[Black "tryanything"]
[Result "1-0"]
[WhiteElo "1772"]
[BlackElo "1579"]
[Opening "Scandinavian: Marshall variation"]
[ECO "B01"]
[Time "19:02:20"]
[TimeControl "2700+45"]

1. e4 d5 2. exd5 Nf6 3. d4 Nxd5 4. Nf3 Bf5 5. c4 Nb4 6. Qa4+ N8c6 7. Na3 e5 8.
d5 b5 9. Qxb5 Bc2 10. Nxc2 Nxc2+ 11. Kd1 Nxa1 12. Qxc6+ Ke7 13. Be3 Qc8 14. Nxe5
{Black resigns} 1-0

[Event "Team 45 45 League T66"]
[Site "Internet Chess Club"]
[Date "2015.09.20"]
[Round "3"]
[White "room-matt"]
[Black "santiagoelawad"]
[Result "0-1"]
[WhiteElo "1861"]
[BlackElo "2051"]
[Opening "Caro-Kann: Goldman (Spielmann) variation"]
[ECO "B11"]
[Time "10:03:22"]
[TimeControl "2700+45"]

1. e4 c6 2. Nc3 d5 3. Qf3 dxe4 4. Nxe4 Nd7 5. d4 Ngf6 6. Bc4 e6 7. Bg5 Be7 8. h4
Nxe4 9. Qxe4 Bxg5 10. hxg5 Qxg5 11. Nf3 Qa5+ 12. c3 Nf6 13. Qf4 Qf5 14. Qxf5
exf5 15. Ng5 O-O 16. O-O-O h6 17. Nf3 Re8 18. Rhe1 Ne4 19. d5 Bd7 20. Re2 Kf8
21. Nd4 c5 22. Nb5 Bxb5 23. Bxb5 Red8 24. f3 Nd6 25. Ba4 b5 26. Bc2 Re8 27. Rde1
Rxe2 28. Rxe2 Re8 29. Rxe8+ Kxe8 30. b4 c4 31. a4 a6 32. g3 g6 33. Kd2 Kd7 34.
Ke3 Ne8 35. Kd4 Kd6 36. a5 Nf6 37. f4 Nxd5 38. Bd1 Nf6 39. Bf3 Ne4 40. Bxe4 fxe4
41. Kxe4 f5+ 42. Kd4 g5 43. fxg5 hxg5 44. Ke3 Ke5 45. Kf3 f4 46. gxf4+ gxf4 47.
Kf2 Ke4 48. Ke2 f3+ 49. Kd2 f2 50. Ke2 f1=Q+ 51. Kxf1 Kd3 52. Ke1 Kxc3 53. Kd1
Kb2 {White resigns} 0-1

[Event "Team 45 45 League T66"]
[Site "Internet Chess Club"]
[Date "2015.09.22"]
[Round "3"]
[White "Heian"]
[Black "Goli"]
[Result "1-0"]
[WhiteElo "1747"]
[BlackElo "1618"]
[Opening "Robatsch (modern) defense"]
[ECO "B06"]
[Time "17:00:14"]
[TimeControl "2700+45"]

1. e4 g6 2. Nf3 Bg7 3. Bc4 d6 4. O-O Nf6 5. d3 O-O 6. c3 e5 7. h3 h6 8. Be3 a6
9. Bb3 Nc6 10. Nbd2 Nh5 11. Kh2 Kh7 12. Ng1 Qe8 13. Ndf3 f5 14. exf5 gxf5 15. g3
Ne7 16. Nh4 f4 17. Bd2 Bf6 18. Ngf3 d5 19. g4 Ng7 20. Ng2 e4 21. dxe4 dxe4 22.
Bc2 Ng6 23. Re1 Qb5 24. Bxe4 Qxb2 25. Nxf4 Bxc3 26. Nxg6 Rf6 27. Nf4+ Kh8 28.
Bxc3 Qxf2+ 29. Ng2 {Black resigns} 1-0

[Event "Team 45 45 League T66"]
[Site "Internet Chess Club"]
[Date "2015.09.17"]
[Round "3"]
[White "zap2"]
[Black "FrankNautilus"]
[Result "1-0"]
[WhiteElo "1811"]
[BlackElo "1694"]
[Opening "Réti: King's Indian attack (Barcza system)"]
[ECO "A07"]
[Time "13:11:10"]
[TimeControl "2700+45"]

1. g3 d5 2. Nf3 Nc6 3. Bg2 e5 4. d3 f6 5. O-O Be6 6. e4 d4 7. Nbd2 Qd7 8. Re1 h5
9. Nh4 Nge7 10. Nb3 b6 11. f4 Bg4 12. Bf3 g5 13. fxg5 fxg5 14. Bxg5 Rg8 15. Bxg4
hxg4 16. Bc1 O-O-O 17. a4 a5 18. Nd2 Bh6 19. Nc4 Bxc1 20. Rxc1 Rh8 21. Qe2 Rxh4
22. gxh4 Ng6 23. Rf1 Nxh4 24. Rf6 Nf3+ 25. Rxf3 gxf3 26. Qxf3 Rg8+ 27. Kh1 Qg7
28. Rf1 Qg5 29. Qf5+ Kd8 30. Qxg5+ Rxg5 31. h3 Ke7 32. Kh2 Nb4 33. Rf2 Ke6 34.
h4 Rg6 35. Kh3 Rf6 36. Rxf6+ Kxf6 37. Na3 Kg6 38. Kg4 Nc6 39. h5+ Kh6 40. c3 Ne7
41. Nc4 Nc6 42. Kh4 Kh7 43. Kg5 dxc3 44. bxc3 Nd8 45. Kf6 Nb7 46. Kxe5 Nc5 47.
Nb2 b5 48. axb5 a4 49. Nxa4 Nxa4 50. Kd4 Kh6 51. Kc4 Kxh5 52. Kb4 Nb2 53. d4
Nd3+ 54. Kc4 Nf4 55. Kc5 Kg6 56. Kc6 Kf7 57. Kxc7 {Black resigns} 1-0